 Dungeon Crawl Stone Soup version 0.23.2-33-g5129a83184 (webtiles) character file.

Game seed: 1022465150660354943

58 Folque the Charmwright (level 3, 0/31 HPs)
             Began as a Centaur Skald on July 7, 2019.
             Slain by Terence
             ... wielding a +0 mace
              (9 damage)
             ... on level 2 of the Dungeon.
             The game lasted 00:06:41 (1454 turns).

Folque the Charmwright (Centaur Skald)              Turns: 1454, Time: 00:06:41

Health: 0/31       AC:  4    Str: 13    XL:     3   Next: 75%
Magic:  0/6        EV:  9    Int: 13    God:
Gold:   101        SH:  0    Dex:  8    Spells: 3/6 levels left

rFire    . . .     SeeInvis .   a - +0 spear
rCold    . . .     Gourm    .   (no shield)
rNeg     . . .     Faith    .   b - +0 leather armour
rPois    .         Spirit   .   (no helmet)
rElec    .         Reflect  .   (no cloak)
rCorr    .         Harm     .   (no gloves)
MR       .....                  (no barding)
Stlth    ..........             (no amulet)
HPRegen  0.10/turn              (no ring)
MPRegen  0.10/turn              (no ring)

@: infused (expiring), very slightly contaminated, very quick
A: large, hooves 3, deformed body, speed 2, tough skin 3
a: no special abilities


You were on level 2 of the Dungeon.
You were hungry.

You visited 1 branch of the dungeon, and saw 2 of its levels.

You collected 101 gold pieces.

Inventory:

Hand Weapons
 a - a +0 spear (weapon)
Armour
 b - a +0 leather armour (worn)
Wands
 h - a wand of random effects (24)
Scrolls
 g - a scroll of blinking {unknown}
 i - a scroll of identify {unknown}
 j - a scroll of teleportation {unknown}
 l - a scroll of fear {unknown}
Potions
 c - a potion of might {unknown}
 e - a potion of agility {unknown}
 k - a potion of haste {unknown}
Comestibles
 d - 4 rations


   Skills:
 * Level 3.0 Fighting
 - Level 1.7 Polearms
 - Level 0.6 Armour
 - Level 1.3 Dodging
 * Level 2.3 Spellcasting
 + Level 3.0 Charms


You had 3 spell levels left.
You knew the following spells:

 Your Spells              Type           Power        Failure   Level  Hunger
a - Infusion              Chrm           #...         9%          1    #......
b - Shroud of Golubria    Chrm/Tloc      #.........   26%         2    ###....

Your spell library contained the following spells:

 Spells                   Type           Power        Failure   Level  Hunger
 Song of Slaying          Chrm           #.......     13%         2    ###....
 Regeneration             Chrm/Necr      #.........   45%         3    ###....
 Spectral Weapon          Hex/Chrm       #.......     45%         3    ###....


Dungeon Overview and Level Annotations

Branches:
Dungeon (2/15)

Altars:
Ashenzari
Xom
Zin

Annotations:
D:2 Terence


Innate Abilities, Weirdness & Mutations

You have hooves in place of feet.
Armour fits poorly on your strangely shaped body.
You cover ground very quickly.
You have extremely tough skin. (AC +3)


Message History

Attack whom?
Press: ? - help, Dir - move target cursor, f/p - Terence
Aim: Terence, wielding a +0 mace and wearing a cursed +0 ring mail You reach to attack!
You hit Terence.
Terence is lightly wounded.
Your magical infusion is running out.
Attack whom?
Press: ? - help, Dir - move target cursor, f/p - Terence
Aim: Terence, wielding a +0 mace and wearing a cursed +0 ring mail (lightly wounded)
You reach to attack!
You hit Terence.
Terence is lightly wounded.
You are feeling hungry.
Attack whom?
Press: ? - help, Dir - move target cursor, f/p - Terence
Aim: Terence, wielding a +0 mace and wearing a cursed +0 ring mail (lightly wounded)
You reach to attack!
You hit Terence.
Terence is moderately wounded.
Terence bares his teeth.
Terence hits you with a +0 mace!
You die...

#............#....#....####.#
....)#####..###..##.#.## #.#
#.#### #..######.##.# #.# #.#
#......).....# #.#
#.########..######.########.#
#...........# #.# #...)#
##########(.# #.# #.####
#..######.# #.# ##.#....@@.#
#.# ######.###.....##
#.######## .........#.####)#
#........# #########.#####)#
########.# ###
#...#############.#
#.#...............#
#..)############### ### ##..#
..# ###..#


You could see Terence.

Vanquished Creatures
  Robin (D:2)
  2 adders (D:2)
  3 bats
  2 hobgoblins
  4 jackals (D:1)
  A frilled lizard (D:1)
  11 goblins
  3 kobolds
  A rat (D:1)
28 creatures vanquished.

Notes
Turn   | Place    | Note
-------+----------+-------------------------------------------
     0 | D:1      | Folque the Centaur Skald began the quest for the Orb.
     0 | D:1      | Reached XP level 1. HP: 17/17 MP: 3/3
   263 | D:1      | Reached XP level 2. HP: 15/24 MP: 0/4
   581 | D:2      | Learned a level 2 spell: Shroud of Golubria
   835 | D:2      | Reached XP level 3. HP: 6/30 MP: 3/6
  1101 | D:2      | Found a shattered altar of Ashenzari.
  1101 | D:2      | Found a glowing silver altar of Zin.
  1146 | D:2      | Found a shimmering altar of Xom.
  1289 | D:2      | Noticed Robin
  1349 | D:2      | HP: 1/30 [Robin/+0 spear (2)]
  1363 | D:2      | Noticed Terence
  1436 | D:2      | Killed Robin
  1454 | D:2      | Slain by Terence

Skill      XL: |  1  2  3 |
---------------+----------+-----
Spellcasting   | 2 |  2.3
Charms         | 3 |  3.0
Fighting       | 3 |  3.0
Polearms       | |  1.7
Armour         | |  0.6
Dodging        | |  1.3

Action                   || total
-------------------------++-------
Melee: Spear             ||   109
       Kick              ||     9
 Cast: Infusion          ||     6
       Shroud of Golubri ||     3
Evoke: Wand              ||     2
  Use: Potion            ||     1
  Eat: Chunk             ||     1
Armor: Leather armour    ||    29
Dodge: Dodged            ||    42
